 Dungeon Crawl Stone Soup version 0.21-a0-201-g8501b10 (webtiles) character file.

151 Ijustatesigmund the Cudgeler (level 5, -3/36 HPs)
             Began as an Octopode Fighter on Aug 17, 2017.
             Slain by a centaur (8 damage)
             ... on level 5 of the Dungeon.
             The game lasted 00:05:51 (2424 turns).

Ijustatesigmund the Cudgeler (Octopode Fighter)     Turns: 2424, Time: 00:05:53

Health: -3/36      AC:  3    Str: 15      XL:     5   Next: 33%
Magic:  5/5        EV: 11    Int:  9 (11) God:
Gold:   201        SH:  9    Dex:  9 (12) Spells: 4/4 levels left

rFire    . . .     SeeInvis .   a - +1 flail
rCold    + . .     Gourm    .   b - +1 shield
rNeg     + . .     Faith    .   (helmet restricted)
rPois    .         Spirit   .   (no amulet)
rElec    .         Reflect  .   l - ring of protection from cold
rCorr    .         Harm     .   n - ring of positive energy
MR       .....     Clarity  +   (no ring)
Stlth    ++........             (no ring)
HPRegen  0.12/turn              (no ring)
MPRegen  0.09/turn              (no ring)
                                (no ring)
                                (no ring)

@: no status effects
A: almost no armour, stealthy swim, amphibious, 8 rings, constrict 8, thin
metallic scales 1, camouflage 1, clarity, gelatinous body 1
a: no special abilities


You were on level 5 of the Dungeon.
You were not hungry.

You visited 1 branch of the dungeon, and saw 5 of its levels.

You collected 201 gold pieces.

Inventory:

Hand Weapons
 a - a +1 flail (weapon)
Missiles
 k - 7 javelins (quivered)
 m - 7 tomahawks of returning
Armour
 b - a +1 shield (worn)
Jewellery
 l - a ring of protection from cold (left tentacle)
 n - a ring of positive energy (right tentacle)
 o - an uncursed ring of fire
Scrolls
 j - a scroll of immolation
 p - a scroll of fog
Potions
 c - a potion of might
 e - 2 potions of brilliance
 f - 2 potions of curing
Comestibles
 d - 5 bread rations
 g - a meat ration
 h - 3 royal jellies
 i - 5 fruits


   Skills:
 + Level 3.0 Fighting
 + Level 5.3 Maces & Flails
 - Level 3.0 Dodging
 - Level 3.0 Shields


You had 4 spell levels left.
You didn't know any spells.

Dungeon Overview and Level Annotations

Branches:
Dungeon (6/15)
 Temple: D:4-7

Altars:
Uskayaw


Innate Abilities, Weirdness & Mutations

You cannot wear most types of armour.
You are very stealthy in the water. (Stealth+)
You are amphibious.
You can wear up to eight rings at the same time.
You can use your tentacles to constrict eight enemies at once.
Your skin changes colour to match your surroundings (Stealth+).
Your rubbery body absorbs attacks. (AC +1, EV +1)
You are partially covered in thin metallic scales. (AC +2)
You possess an exceptional clarity of mind.


Message History

There is a stone staircase leading down here.
Found a stone staircase leading up.
A centaur comes into view.
The centaur shouts!
The centaur wields a shortbow.
The centaur shoots an arrow.
You block the arrow.
You see here an arrow.
The centaur shoots an arrow.
The arrow hits you!
You see here an arrow.
The centaur shoots an arrow.
The arrow barely misses you.
The centaur shoots an arrow.
You block the arrow.
You see here an arrow.
The centaur shoots an arrow.
The arrow hits you!
You thump the centaur!
The centaur is moderately wounded.
The centaur unwields an uncursed shortbow.
The centaur hits you!
* * * LOW HITPOINT WARNING * * *
The centaur hits you!
You die...

# #.#...... #.
.....#.. #. #.#....
#.#######.#...
##............
#.....?....#.######
##.#..?....#.......
#..c@.(((..>.......
###.#.####..#######
#.#.# #..# #.#.#
#.... #.#.# ##.###
#.#.# #.. #.#.#
###. #.#.# .


You could see a centaur.

Vanquished Creatures
  A worker ant (D:3)
  A gnoll (D:1)
  3 adders (D:3)
  3 worms
  5 dart slugs
  2 leopard geckos (D:2)
  6 orcs (D:3)
  5 bats
  3 giant cockroaches
  9 goblins
  A hobgoblin (D:2)
  5 jackals
  2 quokkas (D:3)
  2 ball pythons (D:3)
  7 frilled lizards
  7 kobolds
  4 rats
66 creatures vanquished.

Notes
Turn   | Place    | Note
-------+----------+-------------------------------------------
     0 | D:1      | Ijustatesigmund the Octopode Fighter began the quest for the Orb.
     0 | D:1      | Reached XP level 1. HP: 16/16 MP: 1/1
    49 | D:1      | Reached XP level 2. HP: 21/21 MP: 2/2
   113 | D:1      | Reached skill level 3 in Maces & Flails
   266 | D:1      | Reached XP level 3. HP: 26/26 MP: 3/3
   790 | D:2      | Reached skill level 4 in Maces & Flails
   848 | D:2      | Found a hide-covered altar of Uskayaw.
   869 | D:2      | Reached XP level 4. HP: 19/31 MP: 4/4
  1893 | D:3      | Reached skill level 5 in Maces & Flails
  1893 | D:3      | Reached XP level 5. HP: 25/36 MP: 5/5
  2315 | D:3      | You fall through a shaft for 3 floors!
  2329 | D:6      | Gained mutation: You possess an exceptional clarity of mind. [potion of mutation]
  2329 | D:6      | Gained mutation: You are partially covered in thin metallic scales. (AC +2) [potion of mutation]
  2416 | D:5      | Entered Level 5 of the Dungeon
  2418 | D:5      | Noticed a centaur
  2424 | D:5      | Slain by a centaur

Vault maps used:
D:1:      ncdulo_wetmaze, hangedman_decor_lopped, minmay_misc_feat_diagonals,
          minmay_split_cup_small
D:2:      lemuel_doored_altar, serial_curves, eino_curves_01, eino_curves_02,
          kennysheep_another_room
D:3:      grunt_temple_overflow_open, tgw_trog
D:5:      cheibrodos_fzero, grunt_dithmenos_smoke, first_bread,
          corexii_hall_statues_i
D:6:      temple_statues, uniq_duvessa

Skill      XL: |  1  2  3  4 |
---------------+-------------+-----
Maces & Flails | 3 4 5 |  5.3
Fighting       | |  3.0
Dodging        | |  3.0
Shields        | |  3.0

Action                   |  1- 3 |  4- 6 || total
-------------------------+-------+-------++-------
Melee: Flail             |    66 |    66 ||   132
       Constrict         |    16 |    13 ||    29
       Tentacles         |    14 |     7 ||    21
Throw: Javelin           |       |     9 ||     9
  Use: Scroll            |     3 |     6 ||     9
       Potion            |       |     6 ||     6
 Stab: Sleeping          |     4 |     3 ||     7
  Eat: Chunk             |       |     5 ||     5
Armor: Skin              |     9 |     4 ||    13
Dodge: Dodged            |    32 |    26 ||    58
Block: Shield            |    26 |    36 ||    62
